[Event "*** Titled Tuesday Blitz"]
[Site "Chess.com"]
[Date "2021.03.09"]
[Round "5"]
[White "Bodnar_Mykola"]
[Black "NoGalloNoParty"]
[Result "1/2-1/2"]
[WhiteElo "2493"]
[BlackElo "2319"]
[TimeControl "180+1"]
[EndTime "10:59:14 PST"]
[Termination "Game drawn by repetition"]

1. e4 c5 2. Nf3 e6 3. d4 cxd4 4. Nxd4 Nc6 5. Nc3 Qc7 6. g3 a6 7. Bg2 Nf6 8. O-O Nxd4 9. Qxd4 Bc5 10. Bf4 d6 11. Qd3 e5 12. Be3 Bxe3 13. Qxe3 Be6 14.
Rad1 O-O 15. Rd2 b5 16. Rfd1 Rfd8 17. a3 Rac8 18. h3 h6 19. f4 Rb8 20. f5 Bc8 21. g4 b4 22. axb4 Rxb4 23. b3 Bb7 24.
Kh1 Rc8 25. Rd3 Rd4 26. Ne2 Rxe4 27. Bxe4 Bxe4+ 28. Kg1 Bxd3 29. Rxd3 Qxc2 30. Rxd6 Qb2 31. Rd2 Rc2 32. Rxc2 Qxc2 33. b4 Qb2 34. Kf2 Qxb4 35. Qxe5 Kh7 36. Qc7 Ne4+ 37. Ke3 Ng5 38. h4 Qe4+ 39. Kd2 Nf3+ 40. Kd1 Qd3+ 41. Kc1 Qd2+ 42. Kb1 Qxe2 43. Qxf7 Qe4+ 44. Ka2 Qxg4 45. h5 Ng5 46.
Qg6+ Kh8 47. Qe8+ Kh7 48. Qg6+ Kh8 49. Qe8+ Kh7 50. Qg6+ 1/2-1/2

[Event "*** Titled Tuesday Blitz"]
[Site "Chess.com"]
[Date "2021.03.09"]
[Round "5"]
[White "coco_crc"]
[Black "Romadk"]
[Result "1-0"]
[WhiteElo "2212"]
[BlackElo "2346"]
[TimeControl "180+1"]
[EndTime "10:59:15 PST"]
[Termination "coco_crc won on time"]

1. e4 Nf6 2. e5 Nd5 3. c4 Nb6 4. c5 Nd5 5. d4 d6 6. cxd6 cxd6 7. Nf3 Nc6 8. Bc4 e6 9. Qe2 dxe5 10. dxe5 Nb6 11. Bd3 Bb4+ 12. Bd2 Bxd2+ 13. Nbxd2 Nd4 14. Nxd4 Qxd4 15. Nf3 Qb4+ 16. Qd2 Qxd2+ 17. Kxd2 Bd7 18. Be4 O-O-O 19. Ke3 Kb8 20. Rhd1 Ba4 21. b3 Bb5 22. Rxd8+ Rxd8 23. Ng5 Rd7 24. Nxh7 a5 25. Ng5 a4 26. Rc1 a3 27. Nf3 Nc8 28. Nd4 Ba6 29. f4 Ne7 30. h4 g6 31. g4 Rd8 32. h5 gxh5 33. gxh5 Rh8 34. Rh1 Rh6 35. Kf3 b6 36. Nc6+ Nxc6 37.
Bxc6 Kc7 38. Be4 Kd7 39. Kg4 Ke7 40. Kg5 Rh8 41. h6 Be2 42. h7 b5 43. Kh6 Kf8 44. Rc1 f5 45. Rc8+ 1-0

[Event "*** Titled Tuesday Blitz"]
[Site "Chess.com"]
[Date "2021.03.09"]
[Round "5"]
[White "XDPS"]
[Black "m_ezat"]
[Result "1-0"]
[WhiteElo "2727"]
[BlackElo "2539"]
[TimeControl "180+1"]
[EndTime "10:59:16 PST"]
[Termination "XDPS won on time"]

1. e4 c6 2. d4 d5 3. exd5 cxd5 4. c4 Nf6 5. Nc3 g6 6. cxd5 Bg7 7. Bb5+ Nbd7 8.
Qf3 O-O 9. Nge2 Nb6 10. Nf4 Bg4 11. Qg3 Bf5 12. Qf3 Bg4 13. Qg3 Bf5 14. O-O Nfxd5 15. Rd1 Rc8 16. Bf1 Nxc3 17. bxc3 Nc4 18. a4 a6 19. Qf3 Qd7 20. h3 e5 21. Bxc4 Rxc4 22.
dxe5 Qc6 23. Nd5 Re8 24. Bg5 h6 25. Ne7+ Rxe7 26. Qxc6 Rxc6 27. Bxe7 Bxe5 28. Bb4 b6 29.
a5 bxa5 30. Bxa5 Be6 31. Rac1 g5 32. Bb4 Kg7 33. Re1 Bf6 34. Re3 Kg6 35. Ra1 h5 36. Ra5 g4 37. hxg4 hxg4 38. Rc5 Rd6 39. Re1 Rd2 40. Rc6 Ra2 41. Bd6 1-0

[Event "*** Titled Tuesday Blitz"]
[Site "Chess.com"]
[Date "2021.03.09"]
[Round "5"]
[White "ValeriyGrinev"]
[Black "ChampStan"]
[Result "1-0"]
[WhiteElo "2570"]
[BlackElo "2027"]
[TimeControl "180+1"]
[EndTime "10:59:17 PST"]
[Termination "ValeriyGrinev won by resignation"]

1. c4 Nf6 2. Nc3 d5 3. cxd5 Nxd5 4. Nf3 g6 5. e4 Nxc3 6. dxc3 Qxd1+ 7. Kxd1 f6 8. Kc2 e5 9. Bc4 Nd7 10. Be3 Bc5 11. Bxc5 Nxc5 12. Nd2 Be6 13. Bxe6 Nxe6 14. Rhd1 Ke7 15. Nc4 b6 16. Ne3 c6 17. a4 Rhd8 18.
a5 b5 19. b4 a6 20. Nf1 Rxd1 21. Rxd1 Rd8 22. Rxd8 Kxd8 23. Nd2 Kc7 24. Nb3 Kd6 25. Kd2 c5 26. Ke3 h5 27. g3 f5 28. f4 c4 29. fxe5+ Kxe5 30. Nd2 fxe4 31. Nxe4 g5 32. Nd2 g4 33. Ne4 Nc7 34. Nc5 Nd5+ 35. Kd2 Nc7 36. Kc2 Kd5 37. Kc1 Ke5 38. Kd2 Kd5 39. Ke3 Ke5 40. Nd7+ Ke6 41. Nf8+ Ke5 42. Ng6+ Kf5 43.
Nf4 h4 44. gxh4 Ne8 45. Nd5 Ke5 46. Ne7 Nd6 47. Nc6+ Kd5 48. Nb8 Ne4 49. Nxa6 Nxc3 50. h5 Ne4 51. h6 Nf6 52. Nc7+ Kc6 53. Ne8 Nh7 54. Kd4 Kd7 55. a6 Kc6 56. a7 Kb7 57.
Nd6+ Kxa7 58. Nxb5+ Kb6 59. Kxc4 Nf6 60. Nc3 Kc6 61.
b5+ Kb6 62. Nd5+ 1-0

[Event "*** Titled Tuesday Blitz"]
[Site "Chess.com"]
[Date "2021.03.09"]
[Round "5"]
[White "Sagar_Raina"]
[Black "sau6on"]
[Result "1-0"]
[WhiteElo "2286"]
[BlackElo "2443"]
[TimeControl "180+1"]
[EndTime "10:59:17 PST"]
[Termination "Sagar_Raina won by checkmate"]

1. d4 d5 2. c4 Nc6 3. cxd5 Qxd5 4. e3 e5 5. Nc3 Bb4 6. Bd2 Bxc3 7. Bxc3 exd4 8.
Ne2 Nf6 9. Nxd4 O-O 10. Nxc6 Qxc6 11. Rc1 Re8 12. Qf3 Ne4 13. Bd3 Qa4 14. O-O Nxc3 15. Rxc3 c6 16. Rc4 Qxa2 17. Bxh7+ Kf8 18. Rh4 Be6 19.
Qg3 Qxb2 20. Qd6+ Re7 21. Bd3 g6 22. Bxg6 fxg6 23. Rh7 Qf6 24. Rd1 Re8 25. h4 Kg8 26.
Rxe7 Qxe7 27. Qg3 Kg7 28. h5 Qf7 29. Rd6 Re7 30. h6+ Kxh6 31. Qh4+ Kg7 32. Rd8 Re8 33. Rd4 Re7 34. Rf4 Qe8 35. Qf6+ Kg8 36. Rh4 Rg7 37. Rh6 Qe7 38. Qd4 Qf7 39. Rh3 Qf8 40. Rf3 Qe7 41.
Qe5 Bd5 42. Qb8+ Kh7 43. Rh3+ Qh4 44. Rxh4# 1-0

[Event "*** Titled Tuesday Blitz"]
[Site "Chess.com"]
[Date "2021.03.09"]
[Round "5"]
[White "enriquebutti"]
[Black "Cherone"]
[Result "1-0"]
[WhiteElo "2224"]
[BlackElo "2467"]
[TimeControl "180+1"]
[EndTime "10:59:17 PST"]
[Termination "enriquebutti won on time"]

1. d4 d5 2. c4 dxc4 3. e3 e5 4. Bxc4 exd4 5. exd4 Nf6 6. Nf3 Bd6 7. h3 O-O 8. O-O Nc6 9. Nc3 h6 10. Re1 Bf5 11. a3 a6 12. Be3 Qd7 13. Qd2 Rfe8 14. Bxh6 gxh6 15. Qxh6 Nh7 16. Nd5 Bf8 17. Qh5 Be6 18.
Rad1 Bg7 19. Bd3 Qxd5 20. Qxh7+ Kf8 21. Be4 Qd6 22. d5 Rad8 23. dxe6 Qxd1 24. Rxd1 Rxd1+ 25. Kh2 Rxe6 26. Bxc6 Rxc6 27. Qf5 Rd8 28. Ng5 Bf6 29. Nh7+ Ke7 30. Nxf6 Rxf6 31. Qe5+ Re6 32. Qxc7+ Rd7 33. Qc5+ Rdd6 34. h4 Kd7 35. g3 Rc6 36. Qd5+ Rcd6 37.
Qf5 Ke7 38. Kg2 Rf6 39. Qe5+ Kf8 40. h5 Rde6 41. Qb8+ Kg7 42. Qxb7 Re2 43. Qe4 Rfxf2+ 44. Kh3 1-0

[Event "*** Titled Tuesday Blitz"]
[Site "Chess.com"]
[Date "2021.03.09"]
[Round "5"]
[White "SimplyDevina"]
[Black "DrCeltic"]
[Result "0-1"]
[WhiteElo "2200"]
[BlackElo "2482"]
[TimeControl "180+1"]
[EndTime "10:59:17 PST"]
[Termination "DrCeltic won by resignation"]

1. d4 d5 2. c4 c6 3. Nc3 Nf6 4. e3 e6 5. Nf3 Be7 6. Be2 O-O 7.
O-O b6 8. b3 Bb7 9. Bb2 Nbd7 10. Rc1 Rc8 11. Re1 c5 12. cxd5 Nxd5 13. e4 Nf4 14. Bf1 Nf6 15. Qd2 Ng6 16. e5 Nd5 17.
Ne4 cxd4 18. Bxd4 Bb4 19. Rxc8 Qxc8 20. Nd6 Bxd2 21. Nxc8 Bxe1 22. Nd6 Bb4 23. Nxb7 Rb8 24. Nd6 Bxd6 25. exd6 Rd8 26. Be5 Nxe5 27. Nxe5 Rxd6 28. f3 f6 29. Nc4 Rd8 30. Kf2 Nb4 31. a3 Nc2 32. a4 Nd4 33. b4 Nc2 34. b5 Nd4 35. a5 bxa5 36. Nxa5 Rb8 37. Ke3 Nxb5 38. Nc6 Rb6 39.
Bxb5 Rxb5 40. Nxa7 Rb6 41. Nc8 Rb2 42. g3 Rxh2 43. Nd6 Kf8 44. Kf4 Rd2 45. Ne4 Ra2 46. g4 g5+ 47. Kg3 Kg7 48. Nc5 Re2 49.
Nd3 Kg6 50. Nc5 h5 51. gxh5+ Kxh5 52. Nd7 Kg6 53. Nf8+ Kf7 54. Nd7 Rc2 55. Nb6 Rc6 56. Na4 Kg6 57. Nb2 Rc3 58. Nd1 Ra3 59. Nf2 f5 60.
Nd1 g4 0-1

[Event "*** Titled Tuesday Blitz"]
[Site "Chess.com"]
[Date "2021.03.09"]
[Round "5"]
[White "FMalexhdez"]
[Black "FMLorneTwitch"]
[Result "1/2-1/2"]
[WhiteElo "2180"]
[BlackElo "2335"]
[TimeControl "180+1"]
[EndTime "10:59:17 PST"]
[Termination "Game drawn by repetition"]

1. e4 d5 2. exd5 Qxd5 3. Nc3 Qd6 4. g3 Nf6 5. Bg2 Bg4 6. Nf3 Nc6 7. d3 a6 8. O-O e6 9. h3 Bh5 10. Re1 Be7 11. Bf4 Qd7 12. a3 O-O 13. Qd2 Rad8 14. Ne5 Nxe5 15. Bxe5 c5 16. Qf4 b5 17. g4 Bg6 18. h4 h5 19. g5 Ng4 20. Ne4 Nxe5 21. Qxe5 Rc8 22. Rad1 Rfd8 23. c3 b4 24. d4 bxc3 25.
bxc3 cxd4 26. Rxd4 Qa7 27. Red1 Rxd4 28. cxd4 Bxa3 29.
d5 exd5 30. Qxd5 Qe7 31. Nd6 Rd8 32. Nf5 Rxd5 33. Nxe7+ Bxe7 34. Rxd5 Bb4 35. Rd8+ Kh7 36. Bd5 a5 37. Rd7 Kg8 38. Kg2 Kf8 39. Ra7 f6 40. f4 fxg5 41. hxg5 Bc2 42. Be6 g6 43. Bd5 Bc3 44. Bc6 Bb4 45. Kg3 Bf5 46. Kg2 Bd3 47. Kg3 Bf5 48. Kg2 Be6 49. Kg3 Bf7 50. Kg2 Be6 51.
Kg3 Bf5 1/2-1/2

[Event "*** Titled Tuesday Blitz"]
[Site "Chess.com"]
[Date "2021.03.09"]
[Round "5"]
[White "Pogosian_Manvel"]
[Black "SF-96"]
[Result "1-0"]
[WhiteElo "2420"]
[BlackElo "2531"]
[TimeControl "180+1"]
[EndTime "10:59:18 PST"]
[Termination "Pogosian_Manvel won by resignation"]

1. Nf3 Nf6 2. d4 g6 3. g3 Bg7 4. Bg2 O-O 5. O-O d5 6. c4 dxc4 7. Na3 c3 8. bxc3 c5 9. Bb2 Qb6 10. Nc4 Qa6 11. Nfe5 Nbd7 12. Qb3 Nxe5 13. dxe5 Nd7 14. f4 Nb6 15. Nxb6 axb6 16. a4 Be6 17.
Qb5 Qxb5 18. axb5 Bc4 19. Bxb7 Rxa1 20. Rxa1 Bxb5 21. Bf3 e6 22. Ra7 Rd8 23. Rb7 Rd2 24. Ba3 Bxe2 25. Bxe2 Rxe2 26. Rxb6 Bf8 27. Rb8 Kg7 28.
Rc8 g5 29. fxg5 Rxe5 30. h4 Re2 31. Bxc5 Bxc5+ 32. Rxc5 Kg6 33. Kf1 Rc2 34. Rc7 e5 35.
c4 e4 36. c5 e3 37. Ke1 Rg2 38. c6 Rc2 39. Kd1 e2+ 40. Ke1 Rc3 41. Kxe2 Rxg3 42. Rd7 Rc3 43. c7 Kg7 44. Kd2 Rc6 45. Kd3 h6 46. Kd4 hxg5 47. hxg5 Kg6 48. Kd5 Rc1 49. Rd6+ Kxg5 50. Rc6 Re1 1-0

[Event "*** Titled Tuesday Blitz"]
[Site "Chess.com"]
[Date "2021.03.09"]
[Round "5"]
[White "deribas12345"]
[Black "kuhlmann"]
[Result "1-0"]
[WhiteElo "2547"]
[BlackElo "2399"]
[TimeControl "180+1"]
[EndTime "10:59:18 PST"]
[Termination "deribas12345 won by resignation"]

1. d4 a5 2. e4 g6 3. h4 Bg7 4. h5 d6 5. h6 Bf8 6. Nf3 Nd7 7. Nc3 c6 8. Bc4 e6 9. Bf4 b5 10. Be2 b4 11. Na4 Qc7 12. Qd2 e5 13. dxe5 dxe5 14. Be3 Ngf6 15. Ng5 Be7 16. O-O-O Ba6 17.
Bxa6 Rxa6 18. Qd3 Ra8 19. Qc4 O-O 20. f3 Ne8 21. b3 Nd6 22. Rxd6 Bxd6 23. Rd1 Nf6 24. Ne6 fxe6 25. Qxe6+ Qf7 26. Qxf7+ Kxf7 27. Rxd6 Rac8 28. Nb6 Rc7 29. Nc4 Re8 30. Nxa5 Re6 31. Nc4 Rxd6 32. Nxd6+ Ke6 33. Nc4 Nd7 34. Kb2 Rc8 35.
Bd2 c5 36. Be3 g5 37. a4 bxa3+ 38. Kxa3 Rg8 39. g4 Rg6 40. Ka4 Rxh6 41. Bxg5 Rh2 42.
Nd2 Rf2 43. Kb5 Kd6 44. Bh6 Rh2 45. Bg5 Rf2 46. Be3 Re2 47. c3 Rxe3 48. Nc4+ Ke6 49. Nxe3 Kd6 50. b4 cxb4 51. cxb4 Nb8 52. Nc4+ Ke6 53.
Nb6 1-0

[Event "*** Titled Tuesday Blitz"]
[Site "Chess.com"]
[Date "2021.03.09"]
[Round "5"]
[White "KubaGepard"]
[Black "federicosellitti"]
[Result "1-0"]
[WhiteElo "2406"]
[BlackElo "2519"]
[TimeControl "180+1"]
[EndTime "10:59:18 PST"]
[Termination "KubaGepard won on time"]

1. e4 c5 2. Nf3 Nf6 3. Nc3 d5 4. Bb5+ Bd7 5. Bxd7+ Qxd7 6. exd5 Nxd5 7. O-O Nc6 8. d3 g6 9. Re1 Bg7 10. Bd2 O-O 11.
Nxd5 Qxd5 12. Bc3 e5 13. a4 Rfe8 14. Nd2 Nd4 15. a5 b5 16. Bxd4 cxd4 17. Qf3 Qd7 18. a6 Rac8 19. Qb7 Rc7 20. Qf3 Rxc2 21. Nb3 Rec8 22.
Rac1 Qe6 23. Rxc2 Rxc2 24. Qa8+ Bf8 25. Na1 Rxb2 26. Qxa7 Qa2 27. Qb7 Rb1 28. Kf1 Qxa1 29. Rxb1 Qxb1+ 30. Ke2 Qc2+ 31. Kf3 Qxd3+ 32. Kg4 h5+ 33. Kh4 Bg7 34. f3 Qe3 35. a7 Bf6+ 36. Kh3 g5 37. a8=Q+ Kg7 38. Qe4 g4+ 39. Kg3 Qg5 40.
fxg4 Qh4+ 41. Kf3 d3 42. Qc8 d2 43. Qcc2 Qe1 44. Qh7+ Kf8 45. Qc8+ Ke7 46. Qc7+ 1-0

[Event "*** Titled Tuesday Blitz"]
[Site "Chess.com"]
[Date "2021.03.09"]
[Round "5"]
[White "Bastiandash"]
[Black "Chernov_Alexander_A"]
[Result "1-0"]
[WhiteElo "2464"]
[BlackElo "2272"]
[TimeControl "180+1"]
[EndTime "10:59:18 PST"]
[Termination "Bastiandash won on time"]

1. e4 c6 2. d4 d5 3. exd5 cxd5 4. Bd3 Nf6 5. c3 Nc6 6. Ne2 g6 7. O-O Bf5 8. Qc2 Bxd3 9. Qxd3 Bg7 10. Bg5 O-O 11. Nd2 Rc8 12. f4 e6 13. Bxf6 Qxf6 14.
Nf3 Qd8 15. Ne5 Re8 16. Rf3 Qb6 17. Kh1 f6 18. Ng4 Rc7 19. Ne3 Qxb2 20. Rb1 Qxa2 21. g4 f5 22. Rff1 Qa6 23. Qd2 Na5 24. Qa2 Nc4 25.
Qxa6 bxa6 26. Nxc4 Rxc4 27. Rb7 a5 28. Rxa7 a4 29.
Ra1 Rec8 30. Rb1 R8c7 31. Rb8+ Kf7 32. Ra6 fxg4 33. Rba8 h5 34. Rb6 Bf8 35. Raa6 Re7 36. Rb8 Bh6 37. Kg2 g5 38. fxg5 Bxg5 39. Rh8 Bd2 40. Raa8 Bxc3 41. Rh7+ Kg6 42. Rxe7 Bxd4 43. Rxe6+ Kf5 44. Rea6 Be3 45. Rxa4 Rc2 46. Ra2 1-0

[Event "*** Titled Tuesday Blitz"]
[Site "Chess.com"]
[Date "2021.03.09"]
[Round "5"]
[White "AungTZ"]
[Black "losersgame"]
[Result "1-0"]
[WhiteElo "2216"]
[BlackElo "2350"]
[TimeControl "180+1"]
[EndTime "10:59:18 PST"]
[Termination "AungTZ won by checkmate"]

1. e4 e5 2. Nf3 Nc6 3. d4 exd4 4. Nxd4 Bb4+ 5. c3 Bc5 6. Be3 Bb6 7. Bc4 d6 8. O-O Nf6 9. Nd2 O-O 10. h3 Re8 11. Qc2 Nxd4 12. cxd4 d5 13. e5 dxc4 14. exf6 Qxf6 15. Qxc4 Qg6 16. Kh1 c6 17. Rae1 Be6 18. Qa4 Bd5 19. f3 Bc7 20. Bg1 h5 21. Ne4 h4 22. Qb4 b6 23. b3 Bxe4 24. fxe4 Rxe4 25. Rxe4 Qxe4 26. Qc4 Qd5 27. Qe2 Bg3 28. Qg4 Re8 29. Rf5 Qe4 30. Qf3 Qxf3 31. gxf3 Re1 32. Kg2 Re2+ 33. Kf1 Rxa2 34. d5 cxd5 35. Rxd5 Rb2 36. Rd3 g6 37. Bd4 Rb1+ 38. Ke2 Rh1 39. Bf6 g5 40.
Rd7 Rxh3 41. Rxa7 Bf4 42. Bd4 Rh2+ 43. Kd3 b5 44. Ke4 Re2+ 45. Kf5 h3 46. Ra8+ Kh7 47.
Rh8# 1-0

[Event "*** Titled Tuesday Blitz"]
[Site "Chess.com"]
[Date "2021.03.09"]
[Round "5"]
[White "tylityli"]
[Black "Unknown_IM"]
[Result "0-1"]
[WhiteElo "2241"]
[BlackElo "2393"]
[TimeControl "180+1"]
[EndTime "10:59:19 PST"]
[Termination "Unknown_IM won on time"]

1. d4 Nf6 2. c4 c5 3. d5 b5 4. Nd2 d6 5. e4 g6 6. b3 Bg7 7.
Bb2 b4 8. a4 a5 9. h3 O-O 10.
Bd3 Re8 11. Ne2 Nbd7 12. O-O Nxe4 13. Bxg7 Nxd2 14. Bh6 Nxf1 15. Kxf1 Ne5 16. f4 Nxd3 17. Qxd3 e5 18. dxe6 Bxe6 19. Rd1 Qf6 20. Kg1 Bf5 21. Qd2 Qe6 22. Qb2 f6 23. Rd2 Kf7 24. Kh2 Rad8 25.
Ng3 d5 26. cxd5 Rxd5 27. Re2 Qd7 28. Rxe8 Qxe8 29. Qc1 Qe6 30. Qc4 Bd3 31. Qc1 Ke7 32. Qb2 Kd6 33. Bg7 f5 34. Be5+ Kc6 35. Qf2 Be4 36.
Qe3 Rd3 37. Qc1 Qxb3 38. Qe1 Rxg3 39. Qxg3 Qxg3+ 40. Kxg3 c4 41. Kf2 c3 42. Ke3 Bxg2 43. h4 Be4 44. Kd4 c2 0-1

[Event "*** Titled Tuesday Blitz"]
[Site "Chess.com"]
[Date "2021.03.09"]
[Round "5"]
[White "catzapto"]
[Black "manikoloz"]
[Result "1/2-1/2"]
[WhiteElo "2102"]
[BlackElo "2405"]
[TimeControl "180+1"]
[EndTime "10:59:19 PST"]
[Termination "Game drawn - insufficient material"]

1. e4 c6 2. Nf3 g6 3. d4 Bg7 4.
c3 d6 5. h4 Bg4 6. Be2 Nd7 7.
Ng5 Bxe2 8. Qxe2 h6 9. Nh3 h5 10. Ng5 Nh6 11. f3 e5 12. Be3 O-O 13. g4 exd4 14. cxd4 Nf6 15. Qg2 Re8 16. Nd2 Qa5 17.
gxh5 Nxh5 18. Rg1 c5 19. Nxf7 Nxf7 20. Qxg6 cxd4 21. Bh6 Nxh6 22. Qxh6 Re7 23. Rg5 Re5 24. Qxh5 Rxg5 25. hxg5 Rc8 26. Qg6 Qe5 27. f4 Qe8 28. Qxd6 Rc2 29. Qd5+ Kh8 30. Qb3 d3 31. Qxd3 Rxb2 32.
Nc4 Rh2 33. O-O-O Qb5 34. Qd8+ Kh7 35. Qd5 Qxd5 36. Rxd5 Rxa2 37. Rd7 b5 38. Ne5 Kg8 39. g6 Bxe5 40. fxe5 Ra6 41. Kb2 Rxg6 42. Rxa7 Re6 43. Rb7 Rxe5 44. Kb3 Rxe4 45. Rxb5 Kf7 46. Rb4 Re3+ 47.
Ka4 Ke6 48. Kb5 Kd5 49. Rb1 Re8 50. Rd1+ Ke6 51. Re1+ Kd7 52. Rxe8 Kxe8 1/2-1/2

[Event "*** Titled Tuesday Blitz"]
[Site "Chess.com"]
[Date "2021.03.09"]
[Round "5"]
[White "Matols"]
[Black "BegmuratovKh2010"]
[Result "0-1"]
[WhiteElo "2279"]
[BlackElo "2547"]
[TimeControl "180+1"]
[EndTime "10:59:22 PST"]
[Termination "BegmuratovKh2010 won on time"]

1. d4 Nf6 2. c4 g6 3. g3 Bg7 4. Bg2 O-O 5. Nc3 d6 6. Nf3 c6 7. O-O Nbd7 8. h3 Qc7 9. e4 e5 10. Be3 exd4 11. Nxd4 Ne5 12. b3 Re8 13. Qc2 Nh5 14. Rad1 Nd7 15. Kh2 a5 16. f4 Nc5 17.
Bf2 Ne6 18. Nxe6 Bxe6 19. Ne2 a4 20. Nd4 Bd7 21. b4 Nf6 22. Rfe1 Re7 23. a3 Rae8 24.
Rd2 b6 25. Rde2 c5 26. Nb5 Bxb5 27. cxb5 Nd7 28. bxc5 Nxc5 29. e5 dxe5 30. Bc6 Rd8 31. Bxc5 bxc5 32. Qxc5 Bf8 33. fxe5 Rd3 34. Qc4 Rxa3 35.
Rf1 Bg7 36. Bd5 Qxc4 37. Bxc4 Bxe5 38. b6 Bxg3+ 39. Kg2 Rxe2+ 40. Bxe2 Be5 41. b7 Rb3 42. Bf3 Rb2+ 43. Kg1 a3 44. Bd5 a2 45. Bxf7+ Kg7 46. Bd5 Rc2 0-1

[Event "*** Titled Tuesday Blitz"]
[Site "Chess.com"]
[Date "2021.03.09"]
[Round "5"]
[White "amintabatabaei"]
[Black "Sam_ChessMood"]
[Result "1-0"]
[WhiteElo "3020"]
[BlackElo "2881"]
[TimeControl "180+1"]
[EndTime "10:59:25 PST"]
[Termination "amintabatabaei won on time"]

1. d4 d5 2. Nf3 Nf6 3. Bf4 c5 4. e3 Nc6 5. Nbd2 Nh5 6. dxc5 Nxf4 7. exf4 Qa5 8. c4 e6 9. cxd5 exd5 10. a3 Qxc5 11. Bd3 Qe7+ 12. Be2 Qf6 13. O-O Qxf4 14. Re1 Be7 15. Bb5 Be6 16. g3 Qd6 17. Nd4 O-O 18. Nxe6 fxe6 19. Qg4 e5 20. Rad1 Nd4 21. Bf1 Qf6 22. Bg2 Qxf2+ 23. Kh1 e4 24. Nb1 Bc5 25. Nc3 Rad8 26. b4 Bb6 27. Na4 Nf3 28. Rf1 Qe3 29.
Rxd5 Rxd5 30. Qe6+ Kh8 31. Qxd5 Bc7 32. Qxb7 Bxg3 33.
Qe7 Qf4 34. hxg3 Qh6+ 35. Qh4 Qc6 36. Nc5 a5 37. Nxe4 axb4 38. axb4 Qc4 39. Rxf3 Re8 40.
Ng5 Qc1+ 41. Kh2 h6 42. Nf7+ Kg8 43. Nd6 Re2 44. Qc4+ 1-0

[Event "*** Titled Tuesday Blitz"]
[Site "Chess.com"]
[Date "2021.03.09"]
[Round "5"]
[White "rquery98"]
[Black "vinniethepooh"]
[Result "0-1"]
[WhiteElo "2633"]
[BlackElo "2717"]
[TimeControl "180+1"]
[EndTime "10:59:25 PST"]
[Termination "vinniethepooh won by checkmate"]

1. Nf3 d5 2. g3 Nf6 3. Bg2 g6 4. c4 c6 5. b3 Bg7 6. Bb2 O-O 7. O-O Nbd7 8. Qc2 Re8 9. Nc3 e5 10. cxd5 Nxd5 11. d3 N7b6 12. a3 h6 13. e3 a5 14. Ne4 a4 15. b4 Qe7 16. Rfe1 Nd7 17. Rac1 f5 18. Nc3 N7b6 19. Nd2 Be6 20.
Nc4 Nxc4 21. dxc4 Nxc3 22. Qxc3 e4 23. Qc2 Red8 24. Bxg7 Qxg7 25. Red1 Qe5 26. Rd2 Rxd2 27. Qxd2 Kf7 28. Bf1 Ke7 29. Rd1 Rc8 30. Qc2 Ra8 31. Rd4 c5 32. bxc5 Qxc5 33. Qb2 b6 34. Rd1 Kf7 35. Rb1 Rc8 36. Qxb6 Qxb6 37. Rxb6 Bxc4 38. Rb4 Bb3 39. Bb5 Rc1+ 40. Kg2 Bd1 41. Bxa4 Bf3+ 42.
Kh3 Bg4+ 43. Kg2 Bf3+ 44. Kh3 g5 45. Bb3+ Kg6 46. Rb6+ Kg7 47. Rb7+ Kf6 48. Rb6+ Kg7 49. Rb7+ Kf6 50. Rb6+ Ke7 51. Rxh6 Rg1 52. Rg6 Bg4# 0-1

[Event "*** Titled Tuesday Blitz"]
[Site "Chess.com"]
[Date "2021.03.09"]
[Round "5"]
[White "ShimanovAlex"]
[Black "CSB7"]
[Result "1-0"]
[WhiteElo "2791"]
[BlackElo "2590"]
[TimeControl "180+1"]
[EndTime "10:59:27 PST"]
[Termination "ShimanovAlex won by resignation"]

1. e4 c5 2. Nf3 d6 3. Nc3 a6 4. h3 b5 5. g4 Bb7 6. d3 g6 7. Bg2 Bg7 8. Ne2 e6 9. Ng3 Ne7 10. h4 h6 11. c3 Nd7 12. Be3 a5 13. Qd2 b4 14. Rc1 Nf6 15. Nh2 h5 16. g5 Nd7 17. f4 Qb6 18. O-O O-O 19. f5 Be5 20.
Bf4 Bxf4 21. Rxf4 Ne5 22. fxe6 fxe6 23. Rf6 c4+ 24. d4 Nd3 25. Rcf1 e5 26. Ne2 Kg7 27. Kh1 Ng8 28. dxe5 Nxf6 29. gxf6+ Kh7 30. e6 Nf2+ 31.
Rxf2 Qxf2 32. f7 Qxh4 33. Nf4 g5 34. Nd5 Bxd5 35. exd5 g4 36. Kg1 Ra7 37. Be4+ Kg7 38. Qd4+ Qf6 39. Qxa7 bxc3 40. bxc3 Qxc3 41. Nf1 Qe5 42.
Qe3 c3 43. Bc2 Qxe3+ 44. Nxe3 Kf6 45. Kg2 a4 46. a3 Rxf7 47. exf7 Kxf7 48. Nf5 Kf6 49.
Nxd6 Ke5 50. Nb5 Kxd5 51. Nxc3+ Kc4 52. Nxa4 h4 53. Bd1 g3 54. Nb6+ Kb5 55. Nd7 1-0

[Event "*** Titled Tuesday Blitz"]
[Site "Chess.com"]
[Date "2021.03.09"]
[Round "5"]
[White "marianokar"]
[Black "Beca95"]
[Result "1-0"]
[WhiteElo "2485"]
[BlackElo "2861"]
[TimeControl "180+1"]
[EndTime "10:59:28 PST"]
[Termination "marianokar won on time"]

1. e4 d6 2. d4 Nf6 3. Bd3 e5 4. c3 d5 5. dxe5 Nxe4 6. Bxe4 dxe4 7. Qxd8+ Kxd8 8. Bg5+ Ke8 9. Nd2 Nc6 10. Nxe4 Nxe5 11. O-O-O Be6 12. Bf4 Nc6 13. Bxc7 Rc8 14. Bd6 Bxa2 15.
Nf3 f6 16. Rhe1 Kf7 17. Bxf8 Kxf8 18. Rd7 b6 19. Nd6 Rb8 20. Rc7 Bd5 21. Rd1 Bxf3 22.
gxf3 Ne5 23. f4 Ng6 24. f5 Ne7 25. Rxa7 h5 26. Re1 Nd5 27. Rb7 Rd8 28. Rd7 Ra8 29.
Rf7+ Kg8 30. Rd7 Kh7 31. Ne4 Rhd8 32. Rxd8 Rxd8 33. Rd1 b5 34. Nc5 Rd6 35. Ne6 Kh6 36. Nf4 Nxf4 37. Rxd6 Kg5 38. Rb6 Kxf5 39. Rxb5+ Kg4 40.
Rb7 g5 41. Kd2 Kh3 42. Rf7 Kxh2 43. Rxf6 h4 44. b4 h3 45. b5 Kg2 46. b6 Nd5 47. b7 Nxf6 48. b8=Q h2 49. Qg3+ Kh1 50. Ke2 g4 51. c4 Ne4 52. Qxg4 1-0

[Event "*** Titled Tuesday Blitz"]
[Site "Chess.com"]
[Date "2021.03.09"]
[Round "5"]
[White "AsaHoffmann"]
[Black "Pilopa"]
[Result "0-1"]
[WhiteElo "2404"]
[BlackElo "2551"]
[TimeControl "180+1"]
[EndTime "10:59:28 PST"]
[Termination "Pilopa won by resignation"]

1. d4 Nf6 2. Bg5 e6 3. Nd2 c5 4. e3 cxd4 5. exd4 Be7 6. Bd3 d6 7. Ngf3 Nbd7 8. Qe2 b6 9. a4 a6 10. O-O Bb7 11. h3 O-O 12. c4 Re8 13. Rfe1 e5 14.
dxe5 dxe5 15. Ne4 Nxe4 16. Bxe7 Qxe7 17. Bxe4 Bxe4 18. Qxe4 a5 19. Rad1 Nc5 20. Qxe5 Qxe5 21. Nxe5 Nxa4 22. b3 Nc5 23. Rb1 Re6 24. Nf3 Rxe1+ 25.
Nxe1 Re8 26. Kf1 g6 27. Nf3 Na6 28. Nd4 Rd8 29. Nc6 Rd7 30. b4 Rc7 31. b5 Nc5 32. Rd1 Kg7 33. Rd8 Rd7 34. Rb8 a4 35. Rxb6 a3 36. Nb4 Rd2 37. Rc6 Rb2 38. Na2 Rxa2 39. Rxc5 Rb2 40. b6 a2 41. Ra5 Rb1+ 42. Ke2 a1=Q 43. Rxa1 Rxa1 44. c5 Kf6 45. c6 Ke6 46. c7 Kd7 47. Ke3 Kc8 48. Kf4 Rb1 49. Kg5 Rxb6 50.
f4 Kxc7 51. g4 h5 52. gxh5 gxh5 53. Kxh5 Kd7 54. Kg5 Ke7 55. h4 Kf8 56. h5 Kg7 57. f5 Ra6 58. h6+ Rxh6 59. f6+ Rxf6 0-1

[Event "*** Titled Tuesday Blitz"]
[Site "Chess.com"]
[Date "2021.03.09"]
[Round "5"]
[White "lelya96"]
[Black "Politov_Pavel"]
[Result "1/2-1/2"]
[WhiteElo "2264"]
[BlackElo "2417"]
[TimeControl "180+1"]
[EndTime "10:59:29 PST"]
[Termination "Game drawn by repetition"]

1. d4 Nf6 2. Nf3 e6 3. Bg5 d5 4. e3 Be7 5. Bd3 b6 6. O-O Ba6 7. c3 O-O 8. Re1 Bxd3 9. Qxd3 Ne4 10.
Bf4 Nd7 11. Nbd2 f5 12. c4 c6 13. Rac1 Rc8 14. h3 Ndf6 15. a3 Nxd2 16. Nxd2 Ne4 17. Be5 Bd6 18. Nf3 Bxe5 19. Nxe5 Qh4 20. Rc2 f4 21. Nf3 Qh6 22. Rec1 fxe3 23. Qxe3 Rf4 24. cxd5 exd5 25. Rxc6 Rxc6 26. Rxc6 Qxc6 27. Qxf4 h6 28. Ne5 Qc2 29. Qf7+ Kh7 30. Qf5+ Kg8 31. Ng6 Qd1+ 32. Kh2 Nf6 33. Qc8+ Kh7 34. Nf8+ Kg8 35. Nd7+ Kf7 36. Qf8+ Kg6 37. Ne5+ Kh7 38. Qf7 Qxd4 39. Qg6+ Kg8 40.
Qf7+ Kh7 41. Qg6+ Kh8 42. Nf7+ Kg8 43. Nxh6+ Kh8 44. Nf7+ Kg8 45. Nh6+ Kh8 46. Nf5 Qf4+ 47. Kg1 Qc1+ 48. Kh2 Qf4+ 49. Kh1 Qc1+ 50. Kh2 Qc7+ 51. Kg1 Ne4 52. Qh5+ Kg8 53. Qe8+ Kh7 54. Qh5+ Kg8 55. Qe8+ Kh7 56. Qh5+ Kg8 1/2-1/2